 Dungeon Crawl Stone Soup version 0.26.1-2-gb8aa6d0cf2 (webtiles) character file.

Game seed: 10319587453642590592

64 sizableburger the Skirmisher (level 3, -2/29 HPs)
             Began as a Mummy Abyssal Knight on Mar 1, 2021.
             Was a Believer of Lugonu.
             Slain by an adder (3 damage)
             ... on level 2 of the Dungeon.
             The game lasted 00:03:45 (2632 turns).

sizableburger the Skirmisher (Mummy Abyssal Knight) Turns: 2632, Time: 00:03:45

Health: -2/29      AC:  3    Str: 16    XL:     3   Next: 91%
Magic:  4/4        EV: 11    Int: 11    God:    Lugonu [**....]
Gold:   71         SH:  0    Dex: 11    Spells: 2/2 levels left

rFire    x . .     SeeInvis .     - Unarmed
rCold    + . .     Faith    .   (no shield)
rNeg     + + +     Spirit   .   a - +0 leather armour
rPois    ∞         Reflect  .   (no helmet)
rElec    .         Harm     .   (no cloak)
rCorr    .         Rampage  .   (no gloves)
Will     .....                  (no boots)
Stlth    +.........             (no amulet)
HPRegen  0.09/turn              (no ring)
MPRegen  0.09/turn              (no ring)

@: no status effects
A: no potions, fire vulnerability, cold resistance 1, negative energy resistance
3, torment resistance, unbreathing
a: Renounce Religion, Depart the Abyss, Bend Space


You were on level 2 of the Dungeon.
You worshipped Lugonu.
Lugonu was pleased with you.
You visited 1 branch of the dungeon, and saw 2 of its levels.
You visited the Abyss 1 time.

You collected 71 gold pieces.

Inventory:

Armour
 a - a +0 leather armour (worn)
Scrolls
 b - a scroll of identify
 c - a scroll of remove curse


   Skills:
 + Level 3.2 Fighting
 - Level 1.5 Armour
 - Level 0.7 Dodging
 * Level 2.9 Unarmed Combat
 - Level 2.4 Invocations


You had 2 spell levels left.
You didn't know any spells.
Your spell library was empty.

Dungeon Overview and Level Annotations

Branches:
Dungeon (2/15)

Altars:

Annotations:
D:2 1 runed translucent door, Crazy Yiuf


Innate Abilities, Weirdness & Mutations

You do not drink.
Your flesh is vulnerable to fire.
You are immune to poison.
Your flesh is cold resistant. (rC+)
You are immune to negative energy. (rN+++)
You are immune to unholy pain and torment.
You can survive without breathing.


Message History

You see here a stone.
You hit the adder.
The adder is severely wounded.
The adder bites you.
You miss the adder.
The adder is severely wounded.
The goblin completely misses you. The adder bites you.
* * * LOW HITPOINT WARNING * * *
You barely miss the adder.
The adder is severely wounded.
The adder bites you.
* * * LOW HITPOINT WARNING * * *
The goblin closely misses you.
As you read the scroll labelled BIAMMA YNNUHUH, it crumbles to dust.
It is a scroll of identify.
c - a scroll of remove curse The adder bites you.
* * * LOW HITPOINT WARNING * * *
The goblin misses you. The adder bites you.
You die...

........# ........#######
..............#
..............#
.......)......#
..............+
..........g.....#
...........S@.(..#
...........####.##
............# #(# ....
........# #.######
###.###############.#....#
.........................+
....##...........##.#....#
..#..............##.#....#
..#..............†#+#....#


You could see an adder and a goblin.

Vanquished Creatures
  An adder (D:2)
  3 leopard geckos
  4 giant cockroaches
  4 goblins (D:1)
  6 hobgoblins
  5 jackals (D:1)
  11 bats
  5 frilled lizards
  7 kobolds
  5 rats
51 creatures vanquished.

Notes
Turn   | Place    | Note
-------+----------+-------------------------------------------
     0 | Abyss:1  | sizableburger the Mummy Abyssal Knight began the quest for
                  | the Orb.
     0 | Abyss:1  | Reached XP level 1. HP: 18/18 MP: 2/2
    33 | Abyss:1  | Noticed a worldbinder
    43 | Abyss:1  | Noticed a thrashing horror
    46 | D:1      | Escaped the Abyss
   398 | D:1      | Reached * piety under Lugonu
   439 | D:1      | Reached XP level 2. HP: 19/24 MP: 3/3
  1213 | D:1      | Reached XP level 3. HP: 22/29 MP: 4/4
  2410 | D:2      | Found a runed translucent door.
  2411 | D:2      | Noticed Crazy Yiuf
  2477 | D:2      | Reached ** piety under Lugonu
  2632 | D:2      | HP: 1/29 [adder (2)]
  2632 | D:2      | Slain by an adder

Illustrated notes

Levels and vault maps discovered:
D:1:      lightli_arrival_lavapool, layout_loops_corners
D:2:      layout_basic, serial_forest, infiniplex_forest_straight_3,
          infiniplex_forest_lined_room_2, infiniplex_forest_lined_3_way,
          infiniplex_forest_straight_4, infiniplex_forest_clump_small,
          infiniplex_forest_lined_room_2, infiniplex_forest_clump_medium,
          infiniplex_forest_straight_2, infiniplex_forest_clump_tiny,
          infiniplex_forest_corner_2, uniq_crazy_yiuf_cottage

Skill      XL: |  1  2 |
---------------+-------+-----
Unarmed Combat | 2 |  2.9
Invocations    | 2 |  2.4
Fighting       | |  3.2
Armour         | |  1.5
Dodging        | |  0.7

Action                   || total
-------------------------++-------
Melee: Unarmed           ||   239
       Punch             ||     2
Invok: Depart the Abyss  ||     1
  Use: Scroll            ||     1
Armor: Leather armour    ||    83
Dodge: Dodged            ||   145
